Map: [ESL] Inside and Out

Players

LiquidClem (Clem)

  • Race: Terran Terran
  • League: Grandmaster
  • Spawn Location: 7:00

Scarlett - Winner!

  • Race: Zerg Zerg
  • Spawn Location: 1:00

Event: HomeStory Cup XXII

VOD

Have the link to the VOD?

Description

Time

  • Played on: Dec. 17, 2022, 2:32 p.m.
  • Length: 14:41

All games in this series

Show
View Real Time Build Order
Export as new Build Order

LiquidClem Terran 

Build Orders: Reaper Expand, Hellion Banshee, Mech 

Get SALT Encoding   

  12  0:00  SCV  
  13  0:12  SCV  
  14  0:16  Supply Depot  
  14  0:24  SCV  
  15  0:38  SCV, Barracks  
  16  0:43  Refinery  
  16  0:50  SCV  
  17  1:02  SCV  
  18  1:14  SCV  
  19  1:25  Reaper  
  20  1:26  Orbital Command  
  20  1:39  Command Center  
  20  1:48  Supply Depot  
  20  1:51  SCV  
  21  1:57  Marine  
  22  2:04  SCV  
  23  2:12  Factory  
  23  2:16  SCV  
  23  2:19  Barracks Reactor  
  24  2:28  SCV  
  25  2:40  SCV  
  26  2:46  Command Center  
  26  2:51  Orbital Command  
  26  2:52  SCV  
  26  2:56  Marine x2  
  29  3:02  Factory Tech Lab  
  29  3:04  SCV  
  30  3:10  Starport  
  30  3:15  Refinery  
  30  3:16  SCV  
  30  3:17  SCV  
  32  3:28  Hellion x2, SCV  
  32  3:29  SCV  
  38  3:40  SCV  
  39  3:41  SCV  
  40  3:49  Hellion x2  
  40  3:52  SCV  
  45  3:57  Banshee, Orbital Command  
  45  3:59  Cloaking Field  
  45  4:01  SCV  
  49  4:05  Supply Depot, SCV, Barracks Tech Lab  
  50  4:13  Hellion x2  
  50  4:14  SCV  
  50  4:17  SCV  
  56  4:24  Stimpack  
  56  4:25  SCV  
  56  4:26  SCV  
  56  4:29  Supply Depot, SCV  
  59  4:37  SCV  
  60  4:40  Barracks, Banshee  
  60  4:41  Barracks, SCV  
  60  4:45  Marine  
  64  4:46  Refinery, SCV  
  64  4:51  Supply Depot  
  67  4:53  SCV  
  67  4:54  Factory Reactor, Orbital Command  
  67  4:58  SCV  
  67  4:59  Refinery  
  68  5:02  Engineering Bay x2  
  68  5:05  SCV  
  68  5:07  Marine  
  69  5:10  SCV  
  71  5:15  Supply Depot  
  71  5:16  Barracks  
  71  5:17  SCV, Barracks  
  72  5:22  SCV x2  
  75  5:29  SCV  
  75  5:33  Terran Infantry Armor Level 1, Terran Infantry Weapons Level 1, Starport Reactor  
  75  5:34  SCV  
  73  5:36  Marine  
  73  5:37  SCV, Marine  
  73  5:38  Supply Depot  
  73  5:39  Marine  
  70  5:43  SCV  
  72  5:50  Supply Depot, Marine x2  
  72  5:53  Missile Turret  
  72  5:54  Marine x2  
  72  5:55  Missile Turret  
  72  5:56  Missile Turret, Marine  
  73  6:04  Combat Shield  
  73  6:05  SCV x2  
  73  6:06  SCV  
  73  6:08  Marine x2  
  73  6:10  Marine  
  76  6:12  Marine x2  
  76  6:14  Marine  
  76  6:16  Medivac  
  76  6:17  SCV x2  
  83  6:18  Medivac  
  83  6:19  Marine  
  83  6:24  Siege Tank  
  88  6:26  Marine  
  88  6:27  SCV  
  88  6:29  SCV, Marine  
  88  6:30  Supply Depot, Barracks Reactor  
  88  6:31  Barracks Reactor  
  92  6:33  SCV  
  92  6:39  Marine  
  92  6:40  SCV, Marine  
  92  6:41  Marine  
  92  6:43  SCV, Marine  
  92  6:45  SCV  
  98  6:47  Armory, Factory  
  98  6:48  Refinery  
  98  6:50  Marine  
  98  6:52  SCV  
  98  6:55  SCV  
  98  6:57  Marine  
  98  6:58  Marine  
  98  6:59  Marine  
  98  7:01  Factory, Marine  
  100  7:04  SCV  
  100  7:05  SCV  
  100  7:07  Supply Depot, SCV, Marine x2  
  100  7:08  Marine x2  
  107  7:09  Marine  
  107  7:15  Marine  
  109  7:16  SCV, Marine x2  
  109  7:17  SCV  
  109  7:19  Marine  
  109  7:20  Widow Mine  
  117  7:24  Supply Depot  
  117  7:28  Supply Depot  
  117  7:31  Supply Depot x2  
  117  7:33  SCV  
  117  7:38  Command Center  
  117  7:44  Sensor Tower  
  117  7:45  Factory Reactor, Drilling Claws  
  117  7:46  SCV x3, Marine x5  
  126  7:52  Thor  
  123  7:58  Medivac  
  123  7:59  Medivac  
  123  8:00  Marine  
  123  8:01  Marine x3  
  123  8:03  Marine x3  
  118  8:06  Marine  
  118  8:07  Marine  
  118  8:11  SCV  
  105  8:18  SCV, Marine x3  
  105  8:19  Marine  
  91  8:21  Marine x3  
  91  8:24  SCV, Marine  
  91  8:25  Marine  
  85  8:32  SCV  
  85  8:34  SCV  
  80  8:35  Marine  
  80  8:36  Marine x3  
  80  8:39  Marine x3  
  80  8:41  SCV, Widow Mine  
  87  8:42  Marine  
  87  8:43  Marine  
  87  8:45  Widow Mine  
  87  8:46  Medivac  
  87  8:47  Medivac  
  93  8:53  Marine  
  93  8:54  Marine x3  
  92  8:57  Marine x3  
  92  8:58  SCV  
  92  9:00  Marine x2  
  92  9:08  SCV  
  80  9:10  SCV  
  80  9:11  Marine  
  80  9:12  Marine x2  
  80  9:13  Widow Mine  
  80  9:15  Widow Mine, Marine x3  
  80  9:16  SCV  
  90  9:19  Marine  
  90  9:20  SCV  
  90  9:24  SCV  
  94  9:26  Marine  
  94  9:27  Terran Infantry Weapons Level 2  
  94  9:31  SCV  
  95  9:33  SCV  
  95  9:34  Marine x2  
  95  9:35  Marine  
  95  9:36  SCV  
  99  9:39  Factory Reactor  
  99  9:41  Missile Turret  
  99  9:42  Widow Mine  
  99  9:43  SCV  
  99  9:45  SCV  
  103  9:48  SCV, Marine x2  
  103  9:49  Marine  
  107  9:53  Terran Infantry Armor Level 2  
  107  9:55  SCV  
  107  9:56  Marine x3  
  107  9:58  SCV  
  107  9:59  Marine  
  113  10:02  Marine x2  
  113  10:06  Marine  
  116  10:09  Marine x2  
  116  10:10  SCV  
  116  10:11  SCV x2  
  120  10:16  Widow Mine  
  120  10:17  Widow Mine  
  120  10:18  Marine x2  
  126  10:22  SCV  
  126  10:27  Sensor Tower  
  122  10:29  SCV  
  122  10:30  Planetary Fortress  
  122  10:32  Missile Turret, Widow Mine  
  125  10:36  Marine x7  
  125  10:37  Marine x2  
  125  10:38  SCV  
  125  10:39  SCV  
  136  10:44  Widow Mine  
  136  10:45  Widow Mine  
  136  10:48  Medivac  
  140  10:53  SCV, Widow Mine  
  140  10:54  Marine x6  
  140  10:55  SCV  
  145  10:57  Terran Vehicle And Ship Armor Level 1, Marine  
  145  10:58  Marine  
  145  11:03  Marine  
  148  11:06  SCV, Widow Mine  
  148  11:07  SCV  
  148  11:08  SCV  
  148  11:09  SCV  
  154  11:12  Marine x2  
  154  11:16  Marine x2  
  154  11:18  Widow Mine  
  156  11:23  Supply Depot  
  156  11:32  Supply Depot  
  156  11:34  Command Center  
  156  11:37  Marine  
  156  11:39  Marine  
  156  11:40  Marine  
  156  11:41  SCV  
  156  11:42  Marine  
  156  11:44  Thor  
  156  11:45  Widow Mine  
  164  11:48  Command Center, Marine  
  164  11:49  Sensor Tower  
  164  11:50  Terran Infantry Weapons Level 3  
  164  11:53  Marine x4  
  164  11:54  SCV, Widow Mine  
  171  11:58  Marine  
  172  12:02  Supply Depot  
  172  12:04  Medivac x2, Marine x3  
  172  12:05  Marine  
  172  12:06  Barracks  
  172  12:07  Barracks  
  180  12:08  Barracks  
  180  12:11  Supply Depot  
  180  12:16  Refinery  
  180  12:22  Supply Depot  
  180  12:23  Widow Mine x2, Marine x2  
  180  12:24  Marauder  
  188  12:32  Marine x3  
  188  12:33  Marine  
  188  12:34  Widow Mine  
  194  12:41  Marine x2  
  194  12:43  Marine x2  
  198  12:45  Marauder  
  198  12:46  Medivac  
  192  12:52  Widow Mine, Marine  
  192  12:55  Thor  
  192  12:56  Marine  
  192  12:58  Widow Mine, Barracks Tech Lab x3  
  192  12:59  Marine x2  
  192  13:01  Marine x2  
  196  13:06  Marauder  
  186  13:14  Widow Mine  
  186  13:15  Marine  
  186  13:16  SCV, Marine  
  186  13:18  SCV  
  186  13:19  Marine  
  143  13:20  SCV  
  143  13:23  SCV, Widow Mine  
  143  13:24  Missile Turret x2, Marauder x2, Marine x3  
  156  13:28  Marauder  
  156  13:29  Marine  
  156  13:31  Marine  
  159  13:35  Widow Mine  
  159  13:37  SCV  
  159  13:38  Medivac x2, Widow Mine  
  168  13:44  Marine  
  168  13:45  Marine x2  
  168  13:46  Widow Mine  
  168  13:48  Marine x4  
  157  13:49  Marine x2  
  155  13:57  Marauder  
  155  14:00  Marine  
  142  14:05  Marine  
  142  14:07  Marine x2  
  142  14:08  Medivac, Marine x2  
  121  14:11  Marine x4  
  121  14:12  Marine  
  113  14:20  Marine x2  
  113  14:22  SCV x2  
  113  14:23  Marine  
  113  14:26  SCV  
Show
View Real Time Build Order
Export as new Build Order

Scarlett Zerg - Winner!

Build Orders: Pool First 

Get SALT Encoding   

  12  0:00  Drone  
  13  0:13  Overlord  
  13  0:17  Drone  
  14  0:31  Drone x2  
  14  0:35  Drone  
  17  0:43  Spawning Pool  
  17  0:47  Drone  
  17  1:06  Hatchery  
  17  1:11  Drone, Extractor  
  15  1:15  Drone  
  15  1:18  Drone  
  18  1:30  Queen  
  18  1:32  Zergling x2  
  21  1:40  Overlord  
  21  1:50  Drone  
  22  2:02  Drone  
  22  2:06  Queen  
  25  2:11  Zergling x2  
  26  2:18  Queen  
  26  2:19  Metabolic Boost, Drone  
  29  2:23  Drone  
  30  2:32  Drone  
  31  2:37  Drone x4  
  31  2:40  Drone  
  36  2:45  Overlord  
  36  3:02  Hatchery  
  35  3:06  Lair  
  35  3:08  Drone  
  35  3:11  Extractor  
  35  3:13  Drone  
  35  3:14  Drone  
  35  3:15  Drone  
  35  3:16  Drone  
  35  3:19  Drone  
  40  3:22  Drone x2  
  40  3:26  Extractor  
  41  3:27  Overlord  
  41  3:30  Drone  
  41  3:33  Drone  
  43  3:34  Drone  
  43  3:41  Overlord  
  44  3:50  Drone x5  
  44  3:54  Overlord  
  44  3:55  Drone  
  50  4:03  Drone  
  50  4:04  Spire  
  50  4:14  Drone x5  
  55  4:18  Zergling x2  
  55  4:22  Zergling x2  
  55  4:24  Zergling x6  
  60  4:27  Spore Crawler  
  60  4:29  Overseer  
  59  4:33  Drone  
  59  4:34  Drone x2  
  59  4:35  Extractor  
  59  4:37  Zergling x6  
  64  4:44  Zergling x6  
  67  4:47  Overlord  
  64  5:04  Drone x3  
  64  5:06  Drone x6  
  73  5:16  Mutalisk x4  
  73  5:18  Overlord  
  73  5:21  Mutalisk, Evolution Chamber  
  80  5:24  Spore Crawler  
  80  5:25  Spore Crawler, Mutalisk  
  80  5:27  Zerg Flyer Weapons Level 1  
  74  5:39  Mutalisk  
  74  5:42  Drone x4  
  77  5:43  Extractor  
  76  5:55  Mutalisk  
  80  5:57  Drone x6  
  80  6:03  Zerg Ground Armor Level 1  
  84  6:05  Overlord x3  
  84  6:12  Hatchery  
  84  6:17  Drone, Overlord x5  
  84  6:20  Drone  
  84  6:22  Mutalisk  
  87  6:28  Mutalisk x3  
  93  6:39  Mutalisk  
  95  6:41  Mutalisk  
  95  6:43  Zergling x12  
  95  6:44  Queen  
  105  6:49  Mutalisk  
  107  6:58  Mutalisk  
  107  6:59  Zergling x8  
  113  7:04  Mutalisk  
  113  7:05  Zergling x2  
  116  7:09  Zergling x2  
  116  7:10  Zergling x6  
  120  7:17  Zergling x8  
  120  7:20  Overlord  
  120  7:21  Mutalisk x2  
  128  7:24  Zergling x6  
  131  7:30  Zergling x2  
  131  7:31  Zergling x2  
  131  7:35  Zergling x4  
  131  7:36  Zerg Flyer Weapons Level 2  
  135  7:37  Zergling x2  
  135  7:38  Zergling x4  
  135  7:41  Zergling x10  
  143  7:47  Mutalisk  
  143  7:48  Zergling x2  
  146  7:57  Zerg Melee Weapons Level 1  
  145  8:04  Mutalisk x2  
  130  8:08  Zergling x10  
  129  8:14  Zergling x4  
  129  8:15  Zergling x16  
  130  8:24  Mutalisk x3  
  130  8:26  Zergling x10  
  131  8:33  Hatchery  
  123  8:36  Mutalisk  
  123  8:38  Drone x6  
  130  8:44  Mutalisk  
  132  8:49  Evolution Chamber  
  132  8:50  Drone x4  
  126  8:56  Mutalisk x2  
  126  9:05  Drone x11  
  116  9:20  Extractor  
  116  9:23  Zergling x12  
  116  9:24  Zerg Ground Armor Level 2  
  121  9:29  Zergling x14, Baneling Nest  
  121  9:30  Hatchery  
  126  9:31  Overseer, Pneumatized Carapace  
  126  9:32  Overseer  
  126  9:36  Zergling x2  
  127  9:38  Zergling x2  
  127  9:43  Mutalisk x2  
  132  9:52  Extractor  
  130  9:53  Extractor  
  130  9:54  Zerg Flyer Armor Level 1  
  130  9:57  Drone  
  130  9:58  Zergling x30  
  130  9:59  Queen  
  147  10:08  Mutalisk x2  
  147  10:13  Zergling x12  
  155  10:16  Centrifugal Hooks  
  155  10:18  Zergling x10  
  155  10:20  Zergling x10  
  160  10:29  Mutalisk x3  
  160  10:30  Overlord x3  
  160  10:34  Zergling x8  
  170  10:37  Zerg Melee Weapons Level 2  
  170  10:42  Hatchery  
  159  10:54  Zergling x26  
  156  10:58  Drone  
  157  11:07  Baneling x15  
  157  11:11  Drone x9  
  166  11:20  Drone x9  
  166  11:24  Mutalisk x2  
  179  11:29  Burrow  
  179  11:31  Mutalisk x2  
  175  11:53  Mutalisk x7  
  188  11:59  Zergling x22  
  199  12:02  Infestation Pit  
  199  12:07  Zerg Flyer Armor Level 2  
  198  12:22  Zergling x2  
  199  12:28  Baneling x17  
  199  12:40  Baneling x12  
  199  12:41  Baneling x4  
  193  12:55  Zergling x20  
  193  12:56  Zergling x2  
  193  12:58  Hive  
  200  13:02  Baneling x5  
  200  13:03  Baneling  
  192  13:13  Zergling x20  
  186  13:20  Zergling x30  
  186  13:25  Baneling x8  
  186  13:26  Zergling x2  
  198  13:35  Baneling x11  
  198  13:36  Zergling x4  
  200  13:46  Baneling x10  
  200  13:47  Zergling x16  
  197  14:01  Mutalisk x4  
  183  14:12  Mutalisk x5  
  183  14:13  Overlord  
  183  14:14  Overlord  
  183  14:15  Zergling x8  
  191  14:23  Baneling x8  
  183  14:31  Extractor  
  187  14:33  Extractor  
Tags
 
Add a new tag
Caveats
  • Supply blocks, unpowered buildings, or Contaminate may cause inaccurate times.
  • Supply counts are checked every 10 seconds.